 Dungeon Crawl Stone Soup version 0.23-a0-404-g0063841da3 (webtiles) character file.

2915 Notair the Spear-Bearer (level 9, -3/84 HPs)
             Began as a Minotaur Gladiator on Nov 5, 2018.
             Killed by divine providence
             ... invoked by an orc priest
              (16 damage)
             ... on level 6 of the Dungeon.
             The game lasted 00:22:13 (8920 turns).

Notair the Spear-Bearer (Minotaur Gladiator)        Turns: 8920, Time: 00:22:14

Health: -3/84      AC: 10    Str: 19    XL:     9   Next: 50%
Magic:  8/8        EV: 23    Int:  7    God:
Gold:   266        SH:  0    Dex: 13    Spells: 8/8 levels left

rFire    . . .     SeeInvis .   a - +0 trident
rCold    . . .     Gourm    .   (no shield)
rNeg     . . .     Faith    .   D - +0 chain mail
rPois    .         Spirit   .   c - +1 hat
rElec    .         Reflect  .   (no cloak)
rCorr    .         Harm     .   (no gloves)
MR       .....                  n - +0 pair of boots
Stlth    ..........             i - amulet of the acrobat
HPRegen  0.24/turn              s - ring of wizardry
MPRegen  0.11/turn              v - ring of attention (curse)

@: no status effects
A: retaliatory headbutt, horns 2
a: no special abilities


You were on level 6 of the Dungeon.
You were hungry.

You visited 2 branches of the dungeon, and saw 8 of its levels.
You also visited: Sewer.

You collected 266 gold pieces.

Inventory:

Hand Weapons
 a - a +0 trident (weapon)
 y - a +0 arbalest
 A - a +0 hunting sling
Missiles
 d - 4 throwing nets (quivered)
 g - 221 stones
 o - 78 sling bullets
 B - 51 bolts
Armour
 c - a +1 hat (worn)
 n - a +0 pair of boots (worn)
 D - a +0 chain mail (worn)
 G - the +4 cloak "Tinuom" {Regen+, unknown}
   (You found it on level 6 of the Dungeon)

   It increases your rate of regeneration.
Jewellery
 i - an amulet of the acrobat (around neck)
 s - a ring of wizardry (left hand)
 v - a cursed ring of attention (right hand)
Wands
 b - a wand of flame (18)
 C - a wand of paralysis (11)
 F - a wand of polymorph (14)
 I - a wand of acid (5)
Scrolls
 e - 2 scrolls of enchant armour
 h - 4 scrolls of remove curse
 j - 5 scrolls of immolation {unknown}
 l - 2 scrolls of enchant weapon {unknown}
 m - 2 scrolls of blinking {unknown}
 p - 4 scrolls of teleportation
 w - 7 scrolls of identify {unknown}
 E - a scroll of noise {unknown}
Potions
 k - a potion of brilliance
 q - 3 potions of cancellation {unknown}
 r - 4 potions of might
 t - 4 potions of flight
 u - 2 potions of curing
 x - a potion of heal wounds {unknown}
 z - 2 potions of mutation {unknown}
 H - a potion of ambrosia
Comestibles
 f - 10 rations


   Skills:
 + Level 9.4 Fighting
 * Level 12.9 Polearms
 - Level 2.0 Throwing
 - Level 3.2 Dodging


You had 8 spell levels left.
You didn't know any spells.
Your spell library was empty.

Dungeon Overview and Level Annotations

Branches:
Dungeon (7/15)             Temple (1/1) D:5

Altars:
Ashenzari
Dithmenos
Elyvilon
Fedhas
Gozag
Hepliaklqana
Kikubaaqudgha
Makhleb
Nemelex Xobeh
Qazlal
Ru
Sif Muna
Trog
Uskayaw
Vehumet
Wu Jian
Xom
Yredelemnul
Zin


Innate Abilities, Weirdness & Mutations

You reflexively headbutt those who attack you in melee.
You have a pair of horns on your head.


Message History

The ogre hits you with a +0 giant club!
The orc priest hits you but does no damage.
You hit the orc warrior but do no damage.
The orc warrior is moderately wounded.
The orc warrior hits you with a +0 morningstar!
You puncture the orc warrior!
The orc warrior is severely wounded.
The orc priest hits you. The ogre hits you with a +0 giant club!
The orc warrior hits you with a +0 morningstar!
* * * LOW HITPOINT WARNING * * *
The orc priest mumbles some strange prayers to Beogh against you.
Beogh smites you!
* * * LOW HITPOINT WARNING * * *
The orc wizard casts a spell.
The orc wizard seems to speed up.
The ogre closely misses you.
You climb upwards.
There is a stone staircase leading down here.
The orc priest mumbles some strange prayers to Beogh against you.
Beogh smites you!
You die...

....#.##.#)...###.##.#......#.≈≈≈
.........#....#......'....#'###≈≈
##########)'''#############...#≈≈
....))...[................#...#≈≈
≈≈÷≈≈≈≈≈)≈....≈≈≈≈≈≈≈≈≈≈≈≈#####≈≈
≈≈≈≈≈≈≈≈≈≈....≈≈≈≈≈≈≈≈≈≈≈≈≈≈≈≈≈≈≈
≈≈≈≈≈≈≈≈≈≈....≈≈≈≈≈≈≈≈≈≈≈≈≈≈≈≈≈≈≈
...............O.................
.............o>o@................
#################################
# # # # # # #


You could see an orc warrior, an ogre and an orc priest.

Vanquished Creatures
  Sigmund (D:4)
  Menkaure (D:4)
  A sky beast (D:5)
  5 ogres
  A phantom (D:5)
  A centaur (D:6)
  A gnoll sergeant (D:6)
  A scorpion (D:3)
  7 wights (D:6)
  3 howler monkeys
  2 crimson imps
  3 hounds
  A quasit (D:5)
  2 gnoll shamans (D:6)
  A jelly (D:6)
  3 orc priests
  2 centaur skeletons (D:5)
  4 orc wizards
  An iguana (D:5)
  Ijyb (D:3)
  A merfolk siren (Sewer)
  3 worker ants
  A merfolk avatar (Sewer)
  A hound skeleton (D:6)
  A howler monkey skeleton (D:6)
  14 adders
  41 gnolls
  2 shadow imps
  A white imp (D:5)
  An ooze (D:2)
  An adder skeleton (D:5)
  3 worms
  A dart slug (D:1)
  9 leopard geckos
  17 orcs
  5 ball pythons (Sewer)
  3 giant cockroaches
  10 goblins
  8 hobgoblins
  31 jackals
  2 quokkas (D:3)
  10 bats
  12 frilled lizards
  3 kobolds
  29 rats
252 creatures vanquished.

Notes
Turn   | Place    | Note
-------+----------+-------------------------------------------
     0 | D:1      | Notair the Minotaur Gladiator began the quest for the Orb.
     0 | D:1      | Reached XP level 1. HP: 18/18 MP: 0/0
   100 | D:1      | Reached skill level 4 in Polearms
   111 | D:1      | Reached XP level 2. HP: 25/25 MP: 1/1
   621 | D:2      | Reached XP level 3. HP: 26/31 MP: 2/2
   961 | D:2      | Reached skill level 5 in Polearms
  1388 | D:2      | Reached XP level 4. HP: 39/39 MP: 3/3
  1730 | D:2      | Found a faded altar of an unknown god.
  2134 | D:2      | Found a faded altar of an unknown god.
  2357 | D:3      | Found an ornate altar of the Wu Jian Council.
  2394 | D:3      | Reached skill level 6 in Polearms
  2401 | D:3      | Found a shadowy altar of Dithmenos.
  2448 | D:3      | Reached XP level 5. HP: 46/46 MP: 4/4
  2463 | D:3      | Found a glowing drain.
  2485 | Sewer    | Entered a sewer
  2813 | Sewer    | Reached skill level 7 in Polearms
  2813 | Sewer    | Reached XP level 6. HP: 50/53 MP: 5/5
  3461 | D:3      | Noticed Ijyb
  3487 | D:3      | Killed Ijyb
  3763 | D:3      | Reached skill level 5 in Fighting
  3896 | D:3      | Found a shadowy altar of Dithmenos.
  4058 | D:4      | Reached skill level 8 in Polearms
  4074 | D:4      | Reached XP level 7. HP: 32/61 MP: 6/6
  4234 | D:4      | Noticed Menkaure
  4242 | D:4      | Killed Menkaure
  4601 | D:4      | Reached skill level 9 in Polearms
  5130 | D:4      | Noticed Sigmund
  5139 | D:4      | Killed Sigmund
  5199 | D:4      | Reached XP level 8. HP: 71/71 MP: 7/7
  5477 | D:4      | Reached skill level 10 in Polearms
  5864 | D:5      | Entered Level 5 of the Dungeon
  6007 | D:5      | Found a staircase to the Ecumenical Temple.
  6051 | Temple   | Entered the Ecumenical Temple
  6174 | D:5      | Found a blossoming altar of Fedhas.
  6594 | D:5      | Reached skill level 11 in Polearms
  7516 | D:6      | Reached XP level 9. HP: 69/82 MP: 8/8
  7744 | D:6      | Reached skill level 12 in Polearms
  8759 | D:6      | Got a fine cloak
  8920 | D:6      | Killed from afar by an orc priest

Vault maps used:
D:1:      nicolae_arrival_somewhat_less_tricky_arrival
D:2:      chequers_ecumenical_altar_simple
D:3:      overflow_temple_1_default, lemuel_coloured_pillars_altar,
          portal_sewer_entry_f, minivault_4, grunt_dithmenos_smoke_and_mirrors,
          uniq_ijyb
D:4:      first_ration, chequers_serial_rivers_room_a, uniq_sigmund,
          uniq_menkaure
D:5:      nicolae_overflow_crystal_walls, minmay_temple_entry_glassed_door,
          minmay_fire_ice_demons
D:6:      lemuel_castle_with_subvaults
D:7:      hangedman_cross_stitches
Temple:   lightli_temple_of_artemis
Sewer:    sewer_sea

Skill      XL: |  1  2  3  4  5  6  7  8  9 |
---------------+----------------------------+-----
Polearms       | 4 5 6 7 8 9 11 12 | 12.9
Fighting       | 3 4 5 6 8 9 |  9.4
Throwing       | |  2.0
Dodging        | |  3.2

Action                   |  1- 3 |  4- 6 |  7- 9 || total
-------------------------+-------+-------+-------++-------
Melee: Trident           |    73 |   237 |   466 ||   776
       Headbutt          |     7 |    34 |    71 ||   112
Throw: Throwing net      |     4 |     2 |     1 ||     7
Evoke: Wand              |       |       |     1 ||     1
  Use: Potion            |     3 |       |     1 ||     4
       Scroll            |       |     2 |       ||     2
 Stab: Held in net/web   |     1 |       |       ||     1
       Sleeping          |       |     2 |       ||     2
       Paralysed         |       |       |     1 ||     1
  Eat: Chunk             |       |    10 |    12 ||    22
       Ration            |       |       |     1 ||     1
Armor: Leather armour    |    11 |    26 |       ||    37
       Ring mail         |       |    12 |       ||    12
       Scale mail        |       |     9 |    12 ||    21
       Chain mail        |       |       |   126 ||   126
Dodge: Dodged            |    44 |    86 |   139 ||   269

Table legend:
 A = Non-vault XP
 B = Vault XP
 C = Vault XP percentage of total XP
 D = Non-vault monster count
 E = Vault monster count
 F = Vault count percentage of total count
                 A         B        C        D         E       F
            +---------+---------+-------+---------+---------+-------
      Total |    2888 |    1277 |  30.7 |     155 |      97 |  38.5
            +---------+---------+-------+---------+---------+-------
        D:1 |      34 |       0 |   0.0 |      20 |       0 |   0.0
        D:2 |     146 |       0 |   0.0 |      22 |       0 |   0.0
        D:3 |     165 |      44 |  21.1 |      30 |       5 |  14.3
        D:4 |     684 |     392 |  36.4 |      22 |       2 |   8.3
        D:5 |     732 |      58 |   7.3 |      29 |       2 |   6.5
        D:6 |    1084 |     667 |  38.1 |      31 |      51 |  62.2
        D:7 |      43 |       0 |   0.0 |       1 |       0 |   0.0
      Sewer |       0 |     116 | 100.0 |       0 |      37 | 100.0
            +---------+---------+-------+---------+---------+-------
